 Dungeon Crawl Stone Soup version 0.27.0-1-g7a089689b8 (webtiles) character file.

Game seed: 2219045006037828180

56 Strat the Skirmisher (level 3, -1/33 HPs)
             Began as a Ghoul Conjurer on Aug 9, 2021.
             Slain by a scorpion (5 damage)
             ... on level 4 of the Dungeon.
             The game lasted 00:04:15 (2075 turns).

Strat the Skirmisher (Ghoul Conjurer)               Turns: 2075, Time: 00:04:15

Health: -1/33      AC:  6    Str: 11    XL:     3   Next: 95%
Magic:  4/4        EV: 10    Int: 13    God:
Gold:   62         SH:  0    Dex: 13    Spells: 4/5 levels left

rFire    . . .     SeeInvis .   a - +0 quarterstaff
rCold    + . .     Faith    .   (shield currently unavailable)
rNeg     + + +     Spirit   .   o - +1 ring mail
rPois    ∞         Reflect  .   (no helmet)
rElec    .         Harm     .   (no cloak)
rCorr    .         Rampage  .   (no gloves)
Will     .....                  (no boots)
Stlth    +.........             (no amulet)
HPRegen  0.00/turn              l - +6 ring of dexterity
MPRegen  0.09/turn              i - ring of wizardry

@: inhibited regen
A: claws 1, cold resistance 1, negative energy resistance 3, inhibited
regeneration, torment resistance 2
a: no special abilities


You were on level 4 of the Dungeon.
You visited 1 branch of the dungeon, and saw 3 of its levels.

You collected 62 gold pieces.

Inventory:

Hand Weapons
 a - a +0 quarterstaff (weapon)
 b - a +0 hunting sling
 c - a +0 mace
 k - a +0 short sword
Armour
 d - a +0 robe
 h - a +0 chain mail
 o - a +1 ring mail (worn)
Jewellery
 i - a ring of wizardry (right claw)
 l - a +6 ring of dexterity (left claw)
Scrolls
 g - a scroll of teleportation
 j - a scroll of identify
 m - 2 scrolls of immolation
Potions
 e - 3 potions of curing
 f - a potion of haste {unknown}


   Skills:
 + Level 3.8 Fighting
 - Level 1.7 Dodging
 - Level 2.1 Stealth
 - Level 1.7 Spellcasting
 - Level 3.2 Conjurations


You had 4 spell levels left.
You knew the following spells:

 Your Spells              Type           Power      Damage    Failure   Level
a - Magic Dart            Conj           36%        1d4       7%          1

Your spell library contained the following spells:

 Spells                   Type           Power      Damage    Failure   Level
 Searing Ray              Conj           18%        3d3       11%         2
 Dazzling Flash           Conj/Hex       10%        N/A       36%         3
 Stone Arrow              Conj/Erth      10%        3d7       36%         3
 Fulminant Prism          Conj/Hex       2%         3d6       75%         4
 Iskenderun's Mystic Bla  Conj/Tloc      5%         2d3       75%         4
 Bolt of Magma            Conj/Fire/Erth 1%         4d4       98%         5
 Shatter                  Erth           0%         3d5*      100%        9


Dungeon Overview and Level Annotations

Branches:
Dungeon (2/15)

Altars:


Innate Abilities, Weirdness & Mutations

You thrive by killing the living.
You are immune to poison.
You have sharp fingernails.
Your flesh is cold resistant. (rC+)
You are immune to negative energy. (rN+++)
You do not regenerate when monsters are visible.
You are immune to unholy pain and torment.


Message History

Found a plate armour.
You hear the slow hiss of an avalanche of sand nearby.
Found a hand axe.
Found a whip.
Found a potion of curing.
An adder comes into view.
You see here a +0 whip.
e - 3 potions of curing (gained 1)
You hear the slow hiss of an avalanche of sand nearby.
An adder comes into view.
You see here a +0 whip.
A scorpion comes into view.
The scorpion stings you. The scorpion stings you.
The scorpion stings you but does no damage.
a - a +0 quarterstaff (weapon)
You closely miss the scorpion. The scorpion stings you.
The scorpion stings you but does no damage.
You hit the scorpion.
The scorpion is moderately wounded.
The scorpion stings you!
* * * LOW HITPOINT WARNING * * *
You hit the scorpion.
The scorpion is heavily wounded.
The scorpion stings you.
* * * LOW HITPOINT WARNING * * *
The scorpion barely misses you.
You closely miss the scorpion.
The scorpion is heavily wounded.
The scorpion stings you.
* * * LOW HITPOINT WARNING * * *
You completely miss the scorpion.
The scorpion is heavily wounded.
The scorpion stings you but does no damage.
The scorpion stings you.
* * * LOW HITPOINT WARNING * * *
You sock the scorpion!
The scorpion is almost dead.
The scorpion stings you.
You die...

.######.##########.#
#.##########.#
#............#
########..####
###########..#
#............#
#.##########.#
#.###.#### #.#
#....@s..# #.#
.....#####.# #.#
...# # #.# ## ##.##
##...## #####.....##
#..)....)..#
#.###......# #..#
##...#.#


You could see a scorpion.

Vanquished Creatures
  An adder (D:1)
  2 dart slugs (D:1)
  3 endoplasms
  5 goblins
  5 hobgoblins
  4 jackals (D:2)
  A quokka (D:1)
  2 ball pythons (D:2)
  5 bats
  4 frilled lizards
  5 kobolds
  3 rats
40 creatures vanquished.

Notes
Turn   | Place    | Note
-------+----------+-------------------------------------------
     0 | D:1      | Strat the Ghoul Conjurer began the quest for the Orb.
     0 | D:1      | Reached XP level 1. HP: 14/14 MP: 2/2
    59 | D:1      | Reached skill level 1 in Fighting
   202 | D:1      | Reached XP level 2. HP: 23/24 MP: 3/3
   721 | D:1      | Reached XP level 3. HP: 30/30 MP: 4/4
  1021 | D:2      | Found a faded altar of an unknown god.
  1943 | D:2      | You fall into a shaft and drop 2 floors!
  2066 | D:4      | Noticed a scorpion
  2075 | D:4      | Slain by a scorpion

Illustrated notes

Levels and vault maps discovered:
D:1:      elethiomel_arrival_maze, layout_rooms
D:2:      layout_basic, hellmonk_ecumenical_altar_blasted,
          kennysheep_small_spiral
D:4:      layout_loops_ring, grunt_temple_overflow_cloverleaf,
          nicolae_ossuary_entry_catacombs, abandoned_shop,
          uniq_crazy_yiuf_cottage, uniq_pikel

Skill      XL: |  1  2  3 |
---------------+----------+-----
Fighting       | 1 2 3 |  3.8
Dodging        | |  1.7
Stealth        | |  2.1
Spellcasting   | |  1.7
Conjurations   | |  3.2

Action                   || total
-------------------------++-------
Melee: Mace              ||    10
       Short sword       ||    25
       Quarterstaff      ||    61
 Fire: Hunting sling     ||    51
 Cast: Magic Dart        ||     2
  Use: Scroll            ||     3
Armor: Robe              ||    22
       Ring mail         ||    23
Dodge: Dodged            ||    85
